 Dungeon Sprint DCSS version 0.17-a0-1655-g88a8506 (webtiles) character file.

1864 Kidiri the Covert (level 8, -1/36 HPs)
             Began as a Spriggan Enchanter on Aug 15, 2015.
             Was a Priest of Dithmenos.
             Shot with an arrow by a centaur warrior (27 damage)
             ... in the Dungeon (Sprint III: "The Ten Rune Challenge").
             The game lasted 00:05:09 (584 turns).

Kidiri the Covert (Spriggan Enchanter)               Turns: 584, Time: 00:05:09

Health: -1/36      AC:  6    Str:  4    XL:     8   Next: 90%
Magic:  1/23       EV: 29    Int: 17    God:    Dithmenos [***...]
Gold:   42         SH:  0    Dex: 18    Spells: 6 memorised, 10 levels left

rFire  . . .     SeeInvis +     a - +1 dagger
rCold  . . .     Clarity  .     b - +1 robe
rNeg   . . .     SustAt   .     (shield restricted)
rPois  +         Gourm    .     (helmet restricted)
rElec  .         Spirit   .     n - +0 cloak
rCorr  .         Warding  .     (gloves unavailable)
rMut   .         NoTele   +     (boots unavailable)
MR     +....                    (no amulet)
Stlth  +++++++++.               (no ring)
                                (no ring)

@: wreathed by umbra, very quick, somewhat resistant to hostile enchantments,
incredibly stealthy
A: unfitting armour, thin metallic scales 1, see invisible, herbivore 3, speed
3, poison resistance, slow healing 1, slow metabolism 2, spit poison 1
a: Spit Poison, Shadow Step, Renounce Religion


You were in the Dungeon.
You worshipped Dithmenos.
Dithmenos was most pleased with you.
You were not hungry.

You visited 1 branch You collected 42 gold pieces.

Inventory:

Hand weapons
 a - a +1 dagger (weapon)
Armour
 b - a +1 robe (worn)
 n - a +0 cloak (worn)
Magical devices
 m - a wand of digging (10)
Scrolls
 j - a scroll of blinking
 k - 2 scrolls of remove curse
 q - a scroll of torment
 u - a scroll of holy word
Potions
 c - a potion of might
 e - a potion of curing
 g - 2 potions of haste
 h - 2 potions of magic
 i - 2 potions of berserk rage
 l - 2 potions of flight
 t - 4 potions of cure mutation
Comestibles
 d - a bread ration
 s - 3 royal jellies


   Skills:
 + Level 6.9 Short Blades
 * Level 12.7 Dodging
 * Level 13.9 Stealth
 * Level 10.9 Spellcasting
 + Level 4.1 Conjurations
 + Level 8.4 Hexes
 + Level 4.8 Ice Magic
 - Level 3.8 Invocations


You had 10 spell levels left.
You knew the following spells:

 Your Spells              Type           Power        Failure   Level  Hunger
a - Corona                Hex            #####..      1%          1    None
b - Ensorcelled Hibernat  Hex/Ice        ####..       1%          2    None
c - Confuse               Hex            #####...     1%          3    None
d - Tukima's Dance        Hex            #####...     1%          3    None
e - Dazzling Spray        Conj/Hex       ####....     1%          3    None
f - Invisibility          Hex            #####...     38%         6    ######.


Dungeon Overview and Level Annotations

Branches:
Dungeon (1/1)

Altars:
Cheibriados
Dithmenos
Elyvilon
Fedhas
Gozag
Kikubaaqudgha
Makhleb
Nemelex Xobeh
Okawaru
Qazlal
Ru
Sif Muna
Trog
Vehumet
Xom
Yredelemnul
Zin
The Shining One
Jiyva
Lugonu


Innate Abilities, Weirdness & Mutations

You are tiny and cannot use many weapons and most armour.
You have supernaturally acute eyesight.
You are a herbivore.
You cover ground extremely quickly.
You need consume almost no food.
You are partially covered in thin metallic scales (AC +2).
Your system is resistant to poisons.
You heal slowly when monsters are visible.
You can spit weak poison.


Message History

The centaur is severely wounded.
The centaur is dazzled.
The centaur completely misses you. The centaur warrior hits you!
The centaur misses you.
Unknown command.
Casting: Dazzling Spray
Confirm with . or Enter, or press ? or * to list all spells.
You don't have enough magic to cast that spell.
Unknown command.
Unknown command.
Unknown command.
Drink which item? (? for menu, Esc to quit)
You feel much better.
The centaur warrior hits you but does no damage.
The centaur hits you! The centaur warrior closely misses you.
The centaur wields an uncursed shortbow.
The centaur shoots an arrow.
The arrow misses you.
The centaur warrior wields an uncursed longbow.
The centaur warrior shoots an arrow.
The arrow hits you!!
Ouch! That really hurt!
You die...

#..)#._# #+###+##
.......# .......#
######'#
#__#...#+#############
#__#...#..§≈§'.#cc...+
#__#...#.#§§§#.#(#...#
#__#...'.#§§§#.#@#c..#
#_.+...#.#§§§#..(#...#
▓▓▓▓▓▓▓▓▓▓▓▓▓▓▓▓▓▓▓▓▓#


You could see a centaur warrior and a centaur (blind).

Vanquished Creatures
  Erica (D)
  A deep elf priest (D)
  A shadow (D)
  A spatial vortex (D)
  A necrophage (D)
  A centaur (D)
  An earth elemental (D)
  A water elemental (D)
  A wizard (D)
  A jelly (D)
  Crazy Yiuf (D)
  Jessica (D)
  A necromancer (D)
  3 humans (D)
  A kobold demonologist (D)
  3 rats (D)
20 creatures vanquished.

Vanquished Creatures (others)
  2 draconian scorchers (D)
  A yaktaur (D)
  2 plants (D)
5 creatures vanquished.

Grand Total: 25 creatures vanquished

Notes
Turn   | Place    | Note
--------------------------------------------------------------
     0 | D        | Kidiri the Spriggan Enchanter began the quest for the Orb.
     0 | D        | Reached XP level 1. HP: 9/9 MP: 5/5
    15 | D        | Noticed Jessica
    18 | D        | Killed Jessica
    18 | D        | Reached skill level 5 in Dodging
    18 | D        | Reached skill level 6 in Stealth
    18 | D        | Reached XP level 2. HP: 13/13 MP: 6/8
    25 | D        | Learned a level 2 spell: Ensorcelled Hibernation
    73 | D        | Reached XP level 3. HP: 16/16 MP: 5/10
    78 | D        | Learned a level 3 spell: Confuse
    82 | D        | Learned a level 3 spell: Tukima's Dance
   114 | D        | Noticed Crazy Yiuf
   121 | D        | Killed Crazy Yiuf
   121 | D        | Reached skill level 7 in Stealth
   121 | D        | Reached skill level 5 in Spellcasting
   121 | D        | Reached skill level 1 in Ice Magic
   121 | D        | Reached XP level 4. HP: 21/21 MP: 12/12
   130 | D        | Learned a level 3 spell: Dazzling Spray
   151 | D        | Gained mutation: You can spit weak poison. [potion of mutation]
   151 | D        | Gained mutation: You are partially covered in thin metallic scales (AC +2). [potion of mutation]
   151 | D        | Gained mutation: You heal slowly when monsters are visible. [potion of mutation]
   152 | D        | Gained mutation: Your system is resistant to poisons. [potion of mutation]
   174 | D        | Killed a white draconian scorcher
   194 | D        | Noticed a water elemental
   197 | D        | Killed a water elemental
   197 | D        | Reached skill level 8 in Stealth
   197 | D        | Reached skill level 5 in Hexes
   207 | D        | Noticed a jelly
   208 | D        | Noticed a shadow
   210 | D        | Killed a shadow
   210 | D        | Reached skill level 10 in Stealth
   210 | D        | Reached XP level 5. HP: 24/24 MP: 14/16
   210 | D        | Reached XP level 6. HP: 28/28 MP: 14/17
   211 | D        | Killed a white draconian scorcher
   212 | D        | Killed a jelly
   248 | D        | Found a stormy altar of Qazlal.
   249 | D        | Found a sacrificial altar of Ru.
   249 | D        | Found a burning altar of Makhleb.
   249 | D        | Found a viscous altar of Jiyva.
   249 | D        | Found a shimmering altar of Xom.
   249 | D        | Found a shadowy altar of Dithmenos.
   249 | D        | Found a sparkling altar of Nemelex Xobeh.
   249 | D        | Found a corrupted altar of Lugonu.
   249 | D        | Found an opulent altar of Gozag.
   249 | D        | Noticed a spatial vortex
   253 | D        | Became a worshipper of Dithmenos the Shadowed
   257 | D        | Killed a spatial vortex
   257 | D        | Reached skill level 5 in Short Blades
   257 | D        | Reached skill level 11 in Stealth
   280 | D        | Found a radiant altar of Vehumet.
   281 | D        | Found a deep blue altar of Sif Muna.
   281 | D        | Found an ancient bone altar of Kikubaaqudgha.
   281 | D        | Noticed a wizard
   282 | D        | Killed a wizard
   282 | D        | Reached skill level 10 in Dodging
   290 | D        | Killed a yaktaur
   297 | D        | Learned a level 6 spell: Invisibility
   312 | D        | Found a glowing silver altar of Zin.
   313 | D        | Found a glowing golden altar of the Shining One.
   313 | D        | Found a white marble altar of Elyvilon.
   313 | D        | Noticed a deep elf priest
   332 | D        | Killed a deep elf priest
   332 | D        | Reached skill level 1 in Invocations
   332 | D        | Reached XP level 7. HP: 16/32 MP: 15/20
   493 | D        | Found an iron altar of Okawaru.
   494 | D        | Found a bloodstained altar of Trog.
   494 | D        | Noticed a human
   494 | D        | Noticed a human
   496 | D        | Killed a human
   496 | D        | Reached skill level 12 in Stealth
   497 | D        | Killed a human
   497 | D        | Acquired Dithmenos's first power
   520 | D        | Found a snail-covered altar of Cheibriados.
   520 | D        | Noticed a necrophage
   521 | D        | Found a basalt altar of Yredelemnul.
   521 | D        | Found a blossoming altar of Fedhas.
   521 | D        | Noticed a necromancer
   522 | D        | Killed a necrophage
   522 | D        | Reached XP level 8. HP: 36/36 MP: 22/22
   523 | D        | Killed a necromancer
   545 | D        | Noticed Erica
   547 | D        | Killed Erica
   547 | D        | Reached skill level 13 in Stealth
   547 | D        | Reached skill level 10 in Spellcasting
   554 | D        | Noticed an earth elemental
   557 | D        | Killed an earth elemental
   562 | D        | Noticed a centaur
   562 | D        | Noticed a centaur warrior
   562 | D        | Noticed a centaur
   566 | D        | HP: 1/36 [centaur warrior/arrow (27)]
   573 | D        | Killed a centaur
   573 | D        | Acquired Dithmenos's second power
   584 | D        | Shot with an arrow by a centaur warrior

Vault maps used:
D:        dungeon_sprint_mu

Action                   |  1- 3 |  4- 6 |  7- 9 || total
-------------------------+-------+-------+-------++-------
Melee: Dagger            |    18 |    22 |    11 ||    51
 Cast: Ensorcelled Hiber |     2 |     2 |     6 ||    10
       Corona            |     1 |       |       ||     1
       Confuse           |       |     1 |       ||     1
       Dazzling Spray    |       |       |     4 ||     4
  Use: Scroll            |       |     4 |       ||     4
       Potion            |       |     2 |     3 ||     5
 Stab: Sleeping          |     5 |     6 |     7 ||    18
       Confused          |       |     1 |       ||     1
